 Dungeon Crawl Stone Soup version 0.30.0-29-ga12c61a403 (webtiles) character file.

Game seed: 5536734067116013270

83 qw the Chopper (level 4, -2/28 HPs)
             Began as a Gargoyle Fighter on June 5, 2023.
             Slain by a gnoll
             ... wielding a +0 halberd
              (10 damage)
             ... on level 2 of the Dungeon.
             The game lasted 00:00:52 (1750 turns).

qw the Chopper (Gargoyle Fighter)                   Turns: 1750, Time: 00:00:53

Health: -2/28      AC: 10    Str: 21    XL:     4   Next: 44%
Magic:  4/4        EV:  9    Int:  9    God:
Gold:   143        SH:  4    Dex:  9    Spells: 3/3 levels left

rFire   . . .        Y - +0 war axe
rCold   . . .        c - +0 buckler
rNeg    + . .        b - +0 scale mail
rPois   inf          (no helmet)
rElec   +            (no cloak)
rCorr   .            (no gloves)
SInv    .            (no boots)
Will    .....        (no amulet) Stlth
                     (no ring)
HPRegen 0.24/turn    (no ring)
MPRegen 0.09/turn

%: no passive effects
@: no status effects
A: sickness immunity, AC +3, negative energy resistance 1, electricity
resistance, torment resistance 1, petrification resistance
a: no special abilities


You were on level 2 of the Dungeon.
You visited 1 branch of the dungeon, and saw 2 of its levels.

You collected 143 gold pieces.


Innate Abilities, Weirdness & Mutations

You are immune to sickness and miasma.
Your stone body is resilient. (AC +3)
You are immune to poison.
You resist negative energy. (rN+)
You are resistant to electric shocks. (rElec)
You are resistant to unholy torment.
You are immune to petrification.


   Skills:
 - Level 3.2 Fighting
 + Level 4.1 Axes
 - Level 3.2 Armour
 - Level 3.2 Shields


You had 3 spell levels left.
You didn't know any spells.
Your spell library was empty.

Inventory:

Hand Weapons
 p - a +0 flail
 Y - a +0 war axe (weapon)
Armour
 b - a +0 scale mail (worn)
 c - a +0 buckler (worn)
Scrolls
 a - 4 scrolls of identify {unknown}
 e - 2 scrolls of enchant weapon {unknown}
 l - a scroll of amnesia {unknown}
 m - a scroll of teleportation {unknown}
 o - a scroll of fog {unknown}
Potions
 d - 4 potions of might
 f - 5 potions of curing {unknown}
 g - 2 potions of heal wounds {unknown}
 h - a potion of haste {unknown}
 j - a potion of ambrosia {unknown}
 k - a potion of lignification {unknown}
 n - a potion of degeneration {unknown}

Dungeon Overview and Level Annotations

Branches:
Dungeon (2/15)

Altars:

Shops:
D:1 :   D:2 (


Message History

The jackal barely misses you.
The gnoll hits you from afar with a +0 halberd.
You block the jackal's attack. You block the gnoll's attack.
You hit the jackal.
The jackal is heavily wounded.
You hit the bush but do no damage. x2
The jackal bites you but does no damage.
The gnoll barely misses you. The jackal closely misses you.
You hit the jackal but do no damage.
The jackal is heavily wounded.
You hit the bush but do no damage. You hit the bush.
The jackal barely misses you. The gnoll barely misses you.
You block the jackal's attack. The gnoll closely misses you.
You barely miss the jackal.
The jackal is heavily wounded.
You hit the bush but do no damage. You hit the bush.
The jackal barely misses you. The gnoll hits you but does no damage.
The jackal closely misses you.
You hit the jackal.
The jackal is severely wounded.
You hit the bush but do no damage. x2
The jackal barely misses you.
The gnoll hits you from afar with a +0 halberd.
The jackal bites you but does no damage.
You slash the jackal!
You kill the jackal!
You hit the bush but do no damage. x2
You block the gnoll's attack. The gnoll closely misses you.
The gnoll closely misses you.
You see here a jackal corpse.
You hit the gnoll.
The gnoll is lightly wounded.
The gnoll barely misses you.
You slash the gnoll!
The gnoll is almost dead.
The gnoll closely misses you.
You barely miss the gnoll.
The gnoll is almost dead.
The gnoll hits you with a +0 halberd!
You die...

..............#.#
#.............#.#
#......:......#.#
#.............#.###########
###......###'#............#
#......# #.###########.##
#......# #.#...+ #####..#
#...)%%# ###.g.# #......#
#......## #..@+ #####..#
#.......# ####'#### #..#
#.......# #..P.P..# #..#
#.......# #.......# #..#
###.......#####...#.# #..#
..'...............#.#
##..##
###.......#.#######.#
#....# #
#######...........# #...##
# #.....######### #.#..#


You could see a gnoll.

Vanquished Creatures
  An adder (D:2)
  3 gnolls (D:2)
  A worm (D:2)
  A dart slug (D:1)
  4 ball pythons
  2 bats (D:1)
  A giant cockroach (D:1)
  5 goblins
  2 hobgoblins
  5 jackals (D:2)
  6 kobolds (D:1)
  4 quokkas
  A frilled lizard (D:2)
  2 rats
38 creatures vanquished.

Notes
Turn   | Place    | Note
-------+----------+-------------------------------------------
     0 | D:1      | qw the Gargoyle Fighter began the quest for the Orb.
     0 | D:1      | Reached XP level 1. HP: 14/14 MP: 1/1
     0 | D:1      | 0 ||| qw: Version: 0.2-a-108-gee2c290
     0 | D:1      | 0 ||| qw: Game counter: 1491
     0 | D:1      | 0 ||| qw: Always use a shield: true
     0 | D:1      | 0 ||| qw: God list: Okawaru
     0 | D:1      | 0 ||| qw: Allow faded altars: false
     0 | D:1      | 0 ||| qw: Do Orc after D:15 true
     0 | D:1      | 0 ||| qw: Do second Lair branch before Depths: true
     0 | D:1      | 0 ||| qw: Lair rune preference: random
     0 | D:1      | 0 ||| qw: Plans: Normal, Zot:1-4, Slime:5, God:TSO, Crypt,
                  | Tomb, Abyss, Pan, Hells, Win
     0 | D:1      | 0 ||| PLANNING D:1-11
    37 | D:1      | Reached skill level 2 in Axes
   109 | D:1      | 109 ||| DROPPING +0 club.
   113 | D:1      | 113 ||| Stepping ~*~*~tactically~*~*~ (hiding).
   114 | D:1      | 114 ||| Stepping ~*~*~tactically~*~*~ (hiding).
   114 | D:1      | Found Guagalod's Book Boutique.
   124 | D:1      | Reached XP level 2. HP: 19/19 MP: 2/2
   588 | D:1      | Reached skill level 3 in Axes
   783 | D:1      | 783 ||| READING scroll labelled PARAOT UGIXITAET.
   787 | D:1      | 787 ||| READING scroll labelled IVITAO ZYIGO.
   788 | D:1      | 788 ||| READING scroll labelled TUEBEZYUCU.
   789 | D:1      | 789 ||| READING scroll labelled DUELOM CEFE.
   808 | D:1      | 808 ||| READING scroll labelled GEBARRIAKYZA.
   827 | D:1      | 827 ||| READING scroll labelled IVUCZIREANT.
   960 | D:2      | Reached XP level 3. HP: 23/23 MP: 3/3
   966 | D:2      | 966 ||| Stepping ~*~*~tactically~*~*~ (hiding).
  1051 | D:2      | Found Zihemn's Antique Weapon Shoppe.
  1059 | D:2      | 1059 ||| SHOPLISTING glowing hand axe (144 gold, have 138).
  1137 | D:2      | Reached XP level 4. HP: 28/28 MP: 4/4
  1360 | D:2      | Reached skill level 4 in Axes
  1437 | D:2      | 1437 ||| DROPPING +0 whip.
  1745 | D:2      | HP: 6/28 [gnoll/+0 halberd (5)]
  1750 | D:2      | Slain by a gnoll

Levels and vault maps discovered:
D:1:      dpeg_arrival_brainrot, layout_loops_ring, serial_shops, shop,
          kennysheep_nondescript
D:2:      layout_basic, serial_shops,
          nicolae_shop_temple_entry_statues_fountains, cheibrodos_gnoll_hut

Skill      XL: |  1  2  3  4 |
---------------+-------------+-----
Axes           | 2 3 4 |  4.1
Fighting       | |  3.2
Armour         | |  3.2
Shields        | |  3.2

Action                     |  1- 3 |  4- 6 || total
---------------------------+-------+-------++-------
  Melee: War axe           |   108 |    43 ||   151
    Use: Scroll            |     6 |       ||     6
 Armour: Scale mail        |    76 |    30 ||   106
  Dodge: Dodged            |    49 |    46 ||    95
  Block: Buckler           |    15 |    12 ||    27

Table legend:
 A = Non-vault XP
 B = Vault XP
 C = Vault XP percentage of total XP
 D = Non-vault monster count
 E = Vault monster count
 F = Vault count percentage of total count
                 A         B        C        D         E       F
            +---------+---------+-------+---------+---------+-------
      Total |     115 |       4 |   3.4 |      36 |       2 |   5.3
            +---------+---------+-------+---------+---------+-------
        D:1 |      30 |       0 |   0.0 |      17 |       0 |   0.0
        D:2 |      85 |       4 |   4.5 |      19 |       2 |   9.5
            +---------+---------+-------+---------+---------+-------
